Map: Ever Dream LE

Players

Van (Vanya)

  • Race: Zerg Zerg
  • League: Master
  • Spawn Location: 1:00

ShoWTimE - Winner!

  • Race: Protoss Protoss
  • League: Grandmaster
  • Spawn Location: 7:00

Event: DreamHack SC2 Masters 2020 Fall

VOD

Have the link to the VOD?

Description

Time

  • Played on: Sept. 3, 2020, 1:20 p.m.
  • Length: 11:17

All games in this series

Show
View Real Time Build Order
Export as new Build Order

Van Zerg 

Build Orders: Hatch First 

Get SALT Encoding   

  12  0:00  Drone  
  13  0:12  Overlord  
  13  0:16  Drone  
  14  0:31  Drone x2  
  16  0:41  Drone  
  17  0:51  Hatchery  
  17  0:55  Drone  
  17  1:08  Extractor  
  17  1:11  Spawning Pool  
  15  1:13  Drone  
  15  1:16  Drone  
  17  1:24  Drone  
  18  1:30  Drone  
  19  1:46  Drone  
  20  1:51  Overlord  
  20  2:02  Queen  
  20  2:06  Queen  
  24  2:08  Zergling x2  
  24  2:09  Zergling x2  
  24  2:11  Metabolic Boost  
  26  2:17  Zergling x4  
  28  2:33  Hatchery  
  28  2:36  Zergling x2  
  28  2:38  Zergling x2  
  29  2:47  Zergling x6  
  32  2:52  Overlord  
  32  2:56  Zergling x2  
  33  3:04  Zergling x2  
  34  3:10  Overlord  
  34  3:11  Zergling x6  
  37  3:18  Zergling x6  
  40  3:22  Drone  
  40  3:23  Drone  
  42  3:33  Overlord  
  40  3:35  Drone x2  
  40  3:39  Drone  
  41  3:41  Drone  
  41  3:42  Drone  
  41  3:47  Drone  
  42  3:49  Drone  
  42  3:50  Drone  
  42  3:53  Drone  
  43  3:59  Drone x2  
  43  4:06  Drone x3  
  46  4:12  Overlord  
  46  4:13  Drone  
  47  4:19  Queen  
  47  4:23  Drone x2  
  51  4:25  Drone  
  51  4:27  Drone  
  51  4:28  Drone  
  51  4:30  Drone  
  55  4:35  Roach Warren  
  54  4:46  Drone  
  54  4:47  Drone x2  
  54  4:48  Extractor  
  54  4:51  Drone  
  54  4:52  Drone  
  58  4:53  Drone  
  59  5:00  Overlord  
  59  5:03  Zergling x10  
  64  5:10  Spine Crawler  
  64  5:11  Spore Crawler  
  64  5:12  Spore Crawler  
  61  5:14  Spore Crawler  
  61  5:17  Roach x3  
  66  5:25  Roach x2  
  70  5:29  Overlord  
  70  5:31  Roach  
  73  5:37  Roach, Zergling x8  
  78  5:44  Zergling x8  
  75  5:50  Zergling x4  
  75  5:54  Zergling x6  
  77  5:58  Zergling x6  
  77  6:03  Zergling x2  
  76  6:07  Roach, Zergling x2  
  73  6:13  Spore Crawler  
  73  6:17  Roach x3  
  74  6:30  Drone x3  
  74  6:31  Lair  
  72  6:36  Drone  
  72  6:37  Drone  
  74  6:40  Drone  
  74  6:42  Drone x3  
  78  6:49  Drone x2  
  78  6:52  Overlord  
  79  6:59  Overlord  
  79  7:00  Drone  
  79  7:02  Overlord  
  79  7:07  Ravager  
  79  7:09  Drone  
  79  7:10  Drone x2, Evolution Chamber  
  79  7:11  Drone  
  79  7:12  Drone  
  79  7:14  Drone x4  
  85  7:22  Drone x3  
  88  7:26  Extractor  
  88  7:28  Drone x3, Extractor x2  
  88  7:30  Spire  
  88  7:33  Drone  
  88  7:35  Drone x2  
  85  7:39  Glial Reconstitution  
  85  7:40  Drone x6, Overseer  
  85  7:43  Extractor  
  90  7:52  Drone  
  90  7:55  Roach x2  
  95  8:00  Hatchery, Overlord, Zerg Missile Weapons Level 1  
  95  8:03  Overlord  
  94  8:07  Roach x3  
  94  8:09  Overlord  
  100  8:16  Overlord  
  100  8:18  Ravager x2  
  100  8:19  Roach x4  
  110  8:21  Zergling x2  
  110  8:22  Zergling x4  
  110  8:25  Zergling x8  
  117  8:32  Overlord  
  117  8:33  Roach x2  
  121  8:45  Hatchery  
  121  8:48  Roach x5  
  129  8:56  Overlord  
  122  9:03  Mutalisk x5  
  122  9:06  Roach x2  
  136  9:10  Drone  
  136  9:14  Overlord x2  
  136  9:15  Roach  
  136  9:17  Ravager x2  
  139  9:28  Roach x6  
  146  9:35  Roach  
  146  9:36  Roach x3  
  146  9:37  Ravager  
  149  9:53  Zergling x2  
  149  9:54  Zergling x18  
  159  10:07  Overlord  
  159  10:08  Roach x4  
  165  10:15  Overlord  
  165  10:20  Overlord  
  165  10:23  Overlord  
  165  10:27  Zergling x18  
  164  10:40  Roach x5  
  167  10:49  Ravager x6  
  171  10:50  Ravager x6  
  171  10:51  Zergling x4  
  171  10:56  Zergling x6  
Show
View Real Time Build Order
Export as new Build Order

ShoWTimE Protoss - Winner!

Build Orders: 1 Gate Expand 

Get SALT Encoding   

  12  0:00  Probe  
  13  0:12  Probe  
  14  0:18  Pylon  
  14  0:24  Probe  
  15  0:36  Probe (Chrono Boost)  
  15  0:40  Gateway  
  16  0:46  Probe (Chrono Boost)  
  16  0:49  Assimilator  
  17  0:51  Probe (Chrono Boost)  
  18  1:03  Probe  
  19  1:15  Probe  
  20  1:25  Nexus  
  20  1:35  Cybernetics Core  
  20  1:37  Probe  
  21  1:43  Assimilator  
  21  1:49  Probe  
  21  1:52  Pylon  
  22  2:01  Probe (Chrono Boost)  
  23  2:08  Adept (Chrono Boost)  
  23  2:11  Warp Gate (Chrono Boost)  
  23  2:13  Probe (Chrono Boost)  
  26  2:19  Probe (Chrono Boost)  
  27  2:23  Twilight Council  
  27  2:28  Probe  
  28  2:30  Stalker (Chrono Boost)  
  30  2:37  Probe  
  30  2:40  Probe  
  32  2:49  Probe  
  33  2:52  Probe  
  34  3:01  Probe  
  34  3:03  Adept  
  34  3:05  Gateway  
  37  3:09  Shield Battery  
  37  3:14  Robotics Facility  
  37  3:15  Probe x2  
  39  3:25  Pylon  
  39  3:27  Probe x2  
  41  3:35  Pylon  
  41  3:37  Gateway  
  41  3:42  Gateway  
  41  3:46  Shield Battery  
  41  3:53  Shield Battery  
  41  3:55  Resonating Glaives (Chrono Boost)  
  41  3:56  Probe x2  
  41  4:00  Sentry  
  45  4:08  Probe x2  
  45  4:09  Gateway  
  47  4:17  Warp Prism  
  47  4:18  Pylon  
  47  4:20  Probe x2  
  47  4:24  Assimilator  
  51  4:26  Assimilator  
  51  4:32  Adept, Probe  
  51  4:33  Adept  
  51  4:36  Probe  
  57  4:39  Pylon  
  57  4:42  Adept  
  57  4:45  Probe  
  60  4:48  Probe  
  61  4:54  Observer  
  61  4:57  Probe  
  61  4:58  Adept x2  
  67  5:01  Pylon  
  67  5:04  Pylon  
  67  5:06  Adept x2  
  71  5:11  Pylon  
  71  5:21  Adept x2  
  73  5:25  Probe x2  
  73  5:27  Adept x2  
  81  5:37  Probe x2  
  83  5:46  Adept x2  
  83  5:47  Adept x2  
  83  5:49  Probe x2  
  89  6:01  Probe x2  
  79  6:12  Adept x4  
  79  6:13  Probe x2  
  89  6:19  Pylon  
  89  6:21  Immortal (Chrono Boost)  
  78  6:25  Probe x2  
  79  6:36  Sentry x3, Adept  
  87  6:41  Dark Shrine  
  87  6:45  Pylon  
  87  6:50  Probe x2  
  87  6:51  Nexus  
  89  6:57  Adept  
  89  6:59  Adept x3  
  92  7:06  Immortal (Chrono Boost)  
  94  7:19  Nexus  
  94  7:26  Pylon, Probe x2  
  96  7:31  Shield Battery  
  96  7:37  Sentry x4  
  94  7:39  Immortal (Chrono Boost)  
  104  7:51  Probe x2  
  104  7:52  Blink (Chrono Boost)  
  104  7:57  Robotics Bay  
  106  8:03  Probe  
  107  8:05  Assimilator  
  107  8:10  Dark Templar x2  
  107  8:11  Assimilator  
  107  8:12  Probe  
  112  8:15  Adept x2, Archon  
  112  8:16  Probe  
  117  8:24  Probe  
  118  8:29  Pylon  
  118  8:31  Probe  
  119  8:35  Pylon  
  119  8:36  Probe  
  119  8:41  Adept x2  
  122  8:42  Adept x2  
  122  8:43  Probe  
  129  8:55  Colossus (Chrono Boost)  
  133  9:05  Probe  
  133  9:08  Gateway x2  
  133  9:09  Gateway, Stalker x2  
  138  9:10  Gateway  
  138  9:12  Adept  
  138  9:13  Adept  
  138  9:37  Colossus (Chrono Boost)  
  142  9:45  Stalker x3  
  142  9:46  Pylon  
  142  9:52  Shield Battery  
  144  9:54  Shield Battery  
  144  9:59  Stalker  
  138  10:04  Stalker x4  
  138  10:07  Probe  
  143  10:09  Probe  
  143  10:12  Adept x2  
  148  10:19  Nexus  
  147  10:22  Stalker x2  
  147  10:26  Disruptor (Chrono Boost)  
  154  10:34  Stalker  
  156  10:38  Stalker  
  157  10:43  Probe  
  157  10:47  Stalker x2  
  155  11:02  Stalker  
  156  11:05  Pylon  
  156  11:08  Pylon  
  146  11:12  Zealot x4  

Tags
 
Add a new tag
Caveats
  • Supply blocks, unpowered buildings, or Contaminate may cause inaccurate times.
  • Supply counts are checked every 10 seconds.